 Dungeon Crawl Stone Soup version 0.21.1-1-g345015fe64 (webtiles) character file.

63 Fascinator the Shield-Bearer (level 4, -5/28 HPs)
             Began as a Gargoyle Fighter on July 20, 2018.
             Killed from afar by Crazy Yiuf (10 damage)
             ... with a wand of flame (27)
             ... on level 2 of the Dungeon.
             The game lasted 00:02:10 (1447 turns).

Fascinator the Shield-Bearer (Gargoyle Fighter)     Turns: 1447, Time: 00:02:11

Health: -5/28      AC: 12    Str: 21    XL:     4   Next: 9%
Magic:  4/4        EV:  7    Int:  8    God:
Gold:   102        SH:  9    Dex:  9    Spells: 3/3 levels left

rFire    . . .     SeeInvis .   a - +0 war axe
rCold    . . .     Gourm    .   c - +0 shield
rNeg     + . .     Faith    .   b - +0 scale mail
rPois    ∞         Spirit   .   k - +1 hat
rElec    +         Reflect  .   (no cloak)
rCorr    .         Harm     .   (no gloves)
MR       .....                  o - +0 pair of boots
Stlth    ..........             (no amulet)
HPRegen  0.09/turn              (no ring)
MPRegen  0.09/turn              (no ring)

@: no status effects
A: negative energy resistance 1, electricity resistance, unbreathing,
petrification resistance, rot immunity, AC +3
a: no special abilities


You were on level 2 of the Dungeon.
You were not hungry.

You visited 1 branch of the dungeon, and saw 2 of its levels.

You collected 102 gold pieces.

Inventory:

Hand Weapons
 a - a +0 war axe (weapon)
Armour
 b - a +0 scale mail (worn)
 c - a +0 shield (worn)
 k - a +1 hat (worn)
 o - a +0 pair of boots (worn)
Scrolls
 h - 3 scrolls of enchant armour {unknown}
 j - 2 scrolls of immolation {unknown}
 q - a scroll of teleportation {unknown}
Potions
 d - a potion of might
 e - a potion of ambrosia {unknown}
 g - a potion of heal wounds {unknown}
 i - a potion of invisibility {unknown}
 l - a potion of brilliance {unknown}
 m - a potion of flight {unknown}
 n - a potion of curing {unknown}
Comestibles
 f - 4 rations


   Skills:
 + Level 3.5 Fighting
 * Level 3.1 Axes
 + Level 3.5 Armour
 + Level 0.1 Dodging
 + Level 3.7 Shields


You had 3 spell levels left.
You didn't know any spells.

Dungeon Overview and Level Annotations

Branches:
Dungeon (2/15)

Altars:

Annotations:
D:2 Crazy Yiuf


Innate Abilities, Weirdness & Mutations

You are resistant to torment.
Your stone body is resilient. (AC +3)
You are immune to poison.
You resist negative energy. (rN+)
You are resistant to electric shocks. (rElec)
You can survive without breathing.
You are immune to petrification.
You are immune to rotting.


Message History

Crazy Yiuf cries, "Adder!"
You block Crazy Yiuf's attack.
Your shield and scale mail prevent you from hitting Crazy Yiuf.
Crazy Yiuf hits you but does no damage.
Crazy Yiuf whimpers, "Tosser spinner hand!"
Crazy Yiuf hits you with a quarterstaff of chaos!
Crazy Yiuf freezes you.
You hit Crazy Yiuf but do no damage. Crazy Yiuf hits you but does no damage.
You hit Crazy Yiuf.
Crazy Yiuf is lightly wounded.
You block Crazy Yiuf's attack.
You closely miss Crazy Yiuf.
Crazy Yiuf is lightly wounded.
Crazy Yiuf yells, "Prologue!
Adder ragdoll chair."
Crazy Yiuf hits you with a quarterstaff of chaos.
* * * LOW HITPOINT WARNING * * *
Crazy Yiuf freezes you.
* * * LOW HITPOINT WARNING * * *
Crazy Yiuf zaps a wand.
The puff of flame hits you!
You die...

#.#...#.#.# #.....).)....(...)
#.+...+.#.###.......#.#####.#.
#.....###...........#[# #.#.
#.##### ###########.#.# #...
#.# #...# ##.. #.#
#.########.. #.###♣♣ ##### #.#
#....... #.....♣♣ ♣♣#..)# #.#
#.#####. #....PP♣♣♣♣.'@g.# #.#
#.# ## ##....P.♣..♣#...#
#####.# # ##..P.♣.♣♣♣#####
#.....# # ###♣♣♣♣♣ ######## #
#......# # ### ###########.#
#####.# #.....# #<#.#####
#.....# #...#.# #.#.##...
#.....####...#.# #.#.##...


You could see Crazy Yiuf.

Vanquished Creatures
  An ooze (D:2)
  2 worms (D:2)
  2 leopard geckos (D:2)
  2 ball pythons (D:2)
  7 goblins
  4 hobgoblins
  5 jackals
  7 bats
  2 frilled lizards (D:2)
  12 kobolds
  4 rats
48 creatures vanquished.

Notes
Turn   | Place    | Note
-------+----------+-------------------------------------------
     0 | D:1      | Fascinator the Gargoyle Fighter began the quest for the Orb.
     0 | D:1      | Reached XP level 1. HP: 14/14 MP: 1/1
   177 | D:1      | Reached XP level 2. HP: 15/19 MP: 2/2
   643 | D:1      | Reached XP level 3. HP: 23/23 MP: 3/3
  1196 | D:2      | Reached XP level 4. HP: 27/28 MP: 4/4
  1436 | D:2      | Found a runed door.
  1440 | D:2      | Noticed Crazy Yiuf
  1447 | D:2      | Killed from afar by Crazy Yiuf

Skill      XL: |  1  2  3 |
---------------+----------+-----
Axes           | 2 3 |  3.1
Fighting       | |  3.5
Armour         | |  3.5
Dodging        | |  0.1
Shields        | |  3.7

Action                   |  1- 3 |  4- 6 || total
-------------------------+-------+-------++-------
Melee: War axe           |   171 |    16 ||   187
  Eat: Chunk             |     1 |     1 ||     2
Armor: Scale mail        |    96 |     8 ||   104
Dodge: Dodged            |    57 |     2 ||    59
Block: Shield            |   112 |    10 ||   122
